 Dungeon Crawl Stone Soup version 0.20-a0-1025-g4706f7e (webtiles) character file.

93 puppykicker the Bolt Thrower (level 4, 0/32 HPs)
             Began as a Barachi Arcane Marksman on Apr 19, 2017.
             Slain by a centaur (6 damage)
             ... on level 4 of the Dungeon.
             The game lasted 00:07:43 (2170 turns).

puppykicker the Bolt Thrower (BaAM)                 Turns: 2170, Time: 00:07:44

Health: 0/32       AC:  5    Str: 15 (18) XL:     4   Next: 62%
Magic:  5/5        EV: 11    Int: 10 (13) God:
Gold:   58         SH:  0    Dex:  9 (12) Spells: 2/5 levels left

rFire    . . .     SeeInvis .   a - +2 falchion (freeze)
rCold    . . .     Gourm    .   (no shield)
rNeg     . . .     Faith    .   k - +0 ring mail (curse)
rPois    .         Spirit   .   (no helmet)
rElec    .         Reflect  .   (no cloak)
rCorr    .         Harm     .   (no gloves)
MR       .....                  (no boots)
Stlth    ..........             (no amulet)
Regen    0.1/turn               (no ring)
MPRegen  0.1/turn               o - ring of flight

@: mighty, lethally poisoned (0 -> -3), very slightly contaminated, invisible,
slow
A: +LOS, swims, slowness 1, strong legs 1
a: Hop, Evoke Flight


You were on level 4 of the Dungeon.
You were not hungry.

You visited 1 branch of the dungeon, and saw 4 of its levels.

You collected 58 gold pieces.


Innate Abilities, Weirdness & Mutations

Shadows flee at your approach. (+LOS)
You can swim through water.
You cover ground slowly.
You can hop short distances.


   Skills:
 - Level 1.2 Fighting
 + Level 0.8 Long Blades
 - Level 4.1 Crossbows
 - Level 2.0 Armour
 - Level 2.1 Dodging
 - Level 1.1 Spellcasting
 - Level 3.2 Hexes


You had 2 spell levels left.
You knew the following spells:

 Your Spells              Type           Power        Failure   Level  Hunger
a - Corona                Hex            #......      17%         1    ##.....
b - Slow                  Hex            #.......     26%         2    ###....

Inventory:

Hand Weapons
 a - a +2 falchion of freezing (weapon)
 b - a +0 hand crossbow
 l - a +0 hand axe
 n - a +1 mace of protection
Missiles
 d - 12 bolts
Armour
 k - a cursed +0 ring mail (worn)
Jewellery
 o - a ring of flight (right hand)
Scrolls
 j - a scroll of amnesia {unknown}
 p - a scroll of fear {unknown}
 q - a scroll of noise {unknown}
 r - 2 scrolls of teleportation
Potions
 g - a potion of cancellation
 i - a potion of brilliance
 s - a potion of flight
 u - a potion of invisibility
Books
 c - a book of Debilitation
Comestibles
 f - 3 bread rations
 h - a meat ration
 m - 2 royal jellies

Dungeon Overview and Level Annotations

Branches:
Dungeon (4/15)
 Temple: D:4-7

Altars:
Cheibriados
Hepliaklqana
Nemelex Xobeh
Sif Muna
Uskayaw

#.......+...(...#
#.......#.......#
#.......#.......##.
#.......#.........
#.......#.......# ≈
#.......+.......# P♣♣
#.......#.......#≈.≈≈♣
#.......##c#####.P.P≈♣
#.......'..@......≈≈♣
#.......#..........P≈≈
#.......#..........P≈≈
#.......#.........<..P
#.......#......(##....
#.......######### ###
#..<....# #.......#
#.......#


You could see a centaur.


Message History

The worker ant closely misses you.
You riposte.
You hit the worker ant. You freeze the worker ant.
The worker ant is almost dead.
It was a potion of heal wounds.
You feel much better.
The centaur shoots an arrow.
The arrow hits the worker ant but does no damage.
The worker ant bites you but does no damage.
It was a potion of degeneration.
There was something very wrong with that liquid.
You feel weakened.
You feel dopey.
You feel clumsy.
You feel sick.
The centaur shoots an arrow.
The arrow hits the worker ant!
The worker ant dies!
The centaur shoots an arrow.
The arrow hits you!
* * * LOW HITPOINT WARNING * * *
The centaur shoots an arrow.
It was a potion of might.
You feel very mighty all of a sudden.
You feel sick.
The centaur shoots an arrow.
The centaur shoots an arrow. x2
The centaur unwields an uncursed shortbow.
The centaur hits you.
* * * LOW HITPOINT WARNING * * *
You see here an arrow.
Unknown command.
You slash the centaur! You freeze the centaur.
The centaur is heavily wounded.
You feel sick.
The centaur hits you but does no damage.
The centaur hits you.
You die...

Action                   |  1- 3 |  4- 6 || total
-------------------------+-------+-------++-------
Melee: Mace              |    27 |    72 ||    99
       Falchion          |       |     1 ||     1
 Fire: Hand crossbow     |    57 |     2 ||    59
  Use: Scroll            |       |     4 ||     4
       Potion            |       |     4 ||     4
  Eat: Chunk             |     1 |     4 ||     5
Armor: Ring mail         |    23 |    34 ||    57
       Leather armour    |     1 |       ||     1
Dodge: Dodged            |    39 |    54 ||    93
       Rpst.: Falchion   |       |     1 ||     1

Vault maps used:
D:1:      elethiomel_arrival_maze
D:2:      old_standard_altar, lemuel_round_altar,
          eat_drink_and_be_merry_uskayaw, old_standard_altar,
          kennysheep_slug_shrine
D:4:      kennysheep_little_box, first_bread, gup_sewer_entry_pipe,
          serial_shops, shop_statue, serial_bayou_pond_c, uniq_robin

Notes
Turn   | Place    | Note
-------+----------+-------------------------------------------
     0 | D:1      | puppykicker the Barachi Arcane Marksman began the quest for the Orb.
     0 | D:1      | Reached XP level 1. HP: 15/15 MP: 2/2
   145 | D:1      | Reached XP level 2. HP: 21/21 MP: 3/3
   157 | D:1      | Learned a level 2 spell: Slow
   244 | D:1      | Reached skill level 3 in Crossbows
   490 | D:1      | Reached XP level 3. HP: 15/26 MP: 4/4
   883 | D:2      | Found a hide-covered altar of Uskayaw.
   908 | D:2      | Found a deep blue altar of Sif Muna.
   922 | D:2      | Found a snail-covered altar of Cheibriados.
   962 | D:2      | Reached skill level 1 in Armour
  1000 | D:2      | Found a hazy altar of Hepliaklqana.
  1204 | D:2      | Reached XP level 4. HP: 32/32 MP: 5/5
  1314 | D:2      | Found a sparkling altar of Nemelex Xobeh.
  1388 | D:2      | Reached skill level 4 in Crossbows
  1464 | D:3      | Reached skill level 2 in Armour
  2154 | D:4      | Noticed a centaur
  2170 | D:4      | Slain by a centaur

Vanquished Creatures
  An adder (D:2)
  A worm (D:2)
  5 dart slugs
  2 leopard geckos
  An orc (D:3)
  4 giant cockroaches
  8 goblins (D:1)
  5 hobgoblins
  8 jackals
  6 kobolds
  2 ball pythons
  5 bats
  A frilled lizard (D:3)
  6 rats
55 creatures vanquished.

Vanquished Creatures (others)
  A worker ant (D:4)
1 creature vanquished.

Grand Total: 56 creatures vanquished
